 Dungeon Crawl Stone Soup version 0.17-a0-877-ga10078a (webtiles) character file.

3824 oplop the Firebug (level 10, -1/71 HPs)
             Began as an Octopode Fire Elementalist on Apr 30, 2015.
             Was an Initiate of Vehumet.
             Slain by a wraith (7 damage)
             ... led by Josephine
             ... on level 10 of the Dungeon.
             The game lasted 00:32:45 (10219 turns).

oplop the Firebug (Octopode Fire Elementalist)     Turns: 10219, Time: 00:32:45

Health: -1/71      AC:  1    Str: 10    XL:     10   Next: 17%
Magic:  18/18      EV: 12    Int: 21    God:    Vehumet [......]
Gold:   387        SH:  0    Dex: 11    Spells: 7 memorised, 3 levels left

rFire  . . .     SeeInvis .     k - +3 short sword (venom)
rCold  . . .     Clarity  .     (no shield)
rNeg   . . .     SustAb   .     (helmet restricted)
rPois  .         Gourm    .     (no amulet)
rElec  .         Spirit   .     f - ring of flight
rCorr  .         Warding  .     (no ring)
rMut   .         Stasis   .     E - +3 ring of strength
MR     .....                    (no ring)
Stlth  +++.......               (no ring)
                                (no ring)
                                (no ring)
                                (no ring)

@: very slightly contaminated, invisible, not resistant to hostile enchantments,
fairly stealthy
A: almost no armour, amphibious, 8 rings, constrict 8, tentacle spike 2,
camouflage 1, clumsy 1, low mp 1, mutation resistance 1, gelatinous body 1
a: Renounce Religion, Evoke Flight


You were on level 10 of the Dungeon.
You worshipped Vehumet.
Vehumet was noncommittal.
You were not hungry.

You visited 2 branches of the dungeon, and saw 11 of its levels.

You collected 387 gold pieces.

Inventory:

Hand weapons
 c - the +7 hand axe of the Horn {pain, MR+ SInv}
   (You found it on level 5 of the Dungeon)

   In the hands of one skilled in necromantic magic, it inflicts extra damage on
   living creatures.
   It affects your resistance to hostile enchantments.
   It enhances your eyesight.
 k - a +3 short sword of venom (weapon)
 m - a +2 short sword of draining
 p - a +2 short sword of holy wrath
 r - a +1 glaive of flaming
 u - a +3 dagger of draining
Armour
 v - a +0 buckler
Magical staves
 o - an uncursed staff of air
Jewellery
 f - a ring of flight (left tentacle)
 E - a +3 ring of strength (on tentacle)
Magical devices
 d - a wand of teleportation (7)
 z - a wand of polymorph (6)
 B - a wand of invisibility (1)
Scrolls
 e - 3 scrolls of identify
 g - 2 scrolls of enchant armour
 h - 6 scrolls of remove curse
 i - 6 scrolls of noise
 j - a scroll of fog
Potions
 l - a potion of poison
 q - a potion of cancellation
 t - a potion of berserk rage {unknown}
 x - a potion of might
Books
 a - a book of Flames

   Spells                             Type                      Level
   a - Flame Tongue                   Conjuration/Fire             1
   b - Throw Flame                    Conjuration/Fire             2
   c - Conjure Flame                  Conjuration/Fire             3
   d - Inner Flame                    Hexes/Fire                   3
   e - Sticky Flame                   Conjuration/Fire             4
   f - Fireball                       Conjuration/Fire             5
 n - a book of Beasts

   Spells                             Type                      Level
   a - Summon Butterflies             Summoning                    1
   b - Call Canine Familiar           Summoning                    3
   c - Summon Ice Beast               Ice/Summoning                4
   d - Summon Mana Viper              Hexes/Summoning              5
   e - Monstrous Menagerie            Summoning                    6
   f - Summon Hydra                   Summoning                    7
 s - a book of Annihilations {highlevel, unknown}

   This book is beyond your current level of understanding.

   Spells                             Type                      Level
   a - Poison Arrow                   Conjuration/Poison           6
   b - Chain Lightning                Conjuration/Air              8
   c - Lehudib's Crystal Spear        Conjuration/Earth            8
   d - Glaciate                       Conjuration/Ice              9
   e - Fire Storm                     Conjuration/Fire             9
Comestibles
 b - 3 bread rations


   Skills:
 + Level 7.0 Fighting
 - Level 2.0 Dodging
 - Level 2.6 Stealth
 + Level 6.8 Spellcasting
 + Level 7.2 Conjurations
 + Level 7.8 Fire Magic


You had 3 spell levels left.
You knew the following spells:

 Your Spells              Type           Power        Failure   Level  Hunger
a - Flame Tongue          Conj/Fire      #####        1%          1    None
b - Conjure Flame         Conj/Fire      #####...     1%          3    #......
c - Throw Flame           Conj/Fire      #####.       1%          2    None
d - Sticky Flame          Conj/Fire      #####...     4%          4    ###....
e - Inner Flame           Hex/Fire       ###.....     6%          3    #......
f - Summon Butterflies    Summ           #.......     12%         1    None
g - Fireball              Conj/Fire      #####.....   14%         5    #####..


Dungeon Overview and Level Annotations

Branches:
Dungeon (10/15)            Temple (1/1) D:7
   Lair: D:8-11         Orc: D:9-12

Altars:
Ashenzari
Cheibriados
Dithmenos
Elyvilon
Fedhas
Gozag
Kikubaaqudgha
Makhleb
Nemelex Xobeh
Okawaru
Qazlal
Ru
Sif Muna
Trog
Vehumet
Xom
Yredelemnul
Zin
The Shining One

Annotations:
D:3 Sigmund
D:4 Eustachio
D:9 OrbSeeker's ghost, experienced DEFE
D:10 Harold; Josephine


Innate Abilities, Weirdness & Mutations

You cannot wear most types of armour.
You are amphibious.
You can wear up to eight rings at the same time.
You can use your tentacles to constrict eight enemies at once.
Your skin changes colour to match your surroundings (Stealth).
Your rubbery body absorbs attacks (AC +1).
One of your tentacles bears a nasty spike.
You are clumsy. (Dex -2)
Your magical capacity is low (-10% MP).
You are somewhat resistant to further mutation.


Message History

Evoke which item? (* to show all) (? for menu, Esc to quit)
Zapping:
B - a wand of invisibility (2)
Press: ? - help, Shift-Dir - straight line, f - you You fade into invisibility!
You are very lightly contaminated with residual magic.
This wand has 1 charge left.
The yak misses you.
Drink which item? (? for menu, Esc to quit)
Okay, then.
Unknown command.
Read which item? (? for menu, Esc to quit)
Okay, then.
A wraith comes into view.
The yak bellows!
Josephine grins evilly.
The wraith hits you.
* * * LOW HITPOINT WARNING * * *
You see here a yellow potion.
t - a yellow potion The wraith hits you!
You die...

..........W.WY###..###..#.#.##
...........#.### ### ########
........Y.....##
.........Y.....#
..........##.#.## ##
...........#.#####.##
...............#....#
...........#.......#
.............#WW@.#
........rYY@.....##
.........###.#..##
.........Y.WW....#
.........Y..@#.##
............#### ............#
..........## ........##


You could see Harold (wandering), Josephine, 2 yaks, a hungry ghost, 3 wraiths
and a rat.

Vanquished Creatures
  2 hippogriffs (D:9)
  A water moccasin (D:7)
  3 sky beasts
  2 ice beasts
  4 phantoms
  4 centaurs
  2 ogres
  A crocodile (D:9)
  4 giant frogs
  A water moccasin zombie (D:7)
  4 scorpions
  8 killer bees
  2 crimson imps
  4 jellies
  3 giant frog skeletons
  A giant frog zombie (D:6)
  An iguana (D:5)
  An orc priest (D:6)
  Ijyb (D:2)
  7 hounds
  3 orc wizards
  4 worker ants
  A killer bee zombie (D:5)
  2 hound zombies
  4 adders
  4 gnolls (D:5)
  A shadow imp (D:7)
  2 oozes
  An adder skeleton (D:8)
  4 worms
  2 adder zombies (D:6)
  16 orcs
  2 ball pythons
  9 bats
  2 bat skeletons
  A bat zombie (D:7)
  7 giant cockroaches
  13 hobgoblins
  16 jackals
  21 kobolds
  3 quokkas
  A giant cockroach zombie (D:5)
  A giant gecko (D:1)
  A giant gecko skeleton (D:7)
  A giant gecko zombie (D:6)
  6 giant newts
  8 goblins
  15 rats
  2 bushes (D:7)
209 creatures vanquished.

Vanquished Creatures (collateral kills)
  A yak (D:10)
1 creature vanquished.

Vanquished Creatures (others)
  A hill giant (D:10)
  A centaur (D:10)
  A giant frog (D:10)
  A scorpion (D:10)
  A jelly (D:10)
  A hobgoblin (D:10)
6 creatures vanquished.

Grand Total: 216 creatures vanquished

Notes
Turn   | Place    | Note
--------------------------------------------------------------
     0 | D:1      | oplop, the Octopode Fire Elementalist, began the quest for the Orb.
     0 | D:1      | Reached XP level 1. HP: 11/11 MP: 3/3
   113 | D:1      | Reached XP level 2. HP: 13/18 MP: 3/5
   303 | D:1      | Reached skill level 1 in Fighting
   760 | D:2      | Noticed Ijyb
   773 | D:2      | Killed Ijyb
   773 | D:2      | Reached XP level 3. HP: 16/23 MP: 0/6
   971 | D:2      | Learned a level 3 spell: Conjure Flame
   974 | D:2      | Learned a level 2 spell: Throw Flame
  1031 | D:3      | Noticed Sigmund
  1044 | D:3      | Reached XP level 4. HP: 28/28 MP: 1/7
  1625 | D:3      | Reached XP level 5. HP: 25/34 MP: 1/9
  1923 | D:4      | Noticed Eustachio
  2147 | D:4      | Reached skill level 4 in Fire Magic
  2285 | D:4      | Learned a level 4 spell: Sticky Flame
  2295 | D:4      | Reached XP level 6. HP: 31/41 MP: 6/10
  2700 | D:4      | Reached XP level 7. HP: 38/46 MP: 5/12
  3006 | D:5      | Entered Level 5 of the Dungeon
  3092 | D:5      | Got a transparent hand axe
  3093 | D:5      | Identified the +7 hand axe of the Horn {pain, MR+ SInv} (You found it on level 5 of the Dungeon)
  3691 | D:5      | Reached skill level 5 in Fire Magic
  4072 | D:5      | Learned a level 3 spell: Inner Flame
  4329 | D:5      | Reached XP level 8. HP: 12/54 MP: 1/14
  5207 | D:6      | Reached skill level 5 in Conjurations
  5598 | D:6      | Reached skill level 5 in Spellcasting
  5598 | D:6      | Reached skill level 6 in Fire Magic
  5870 | D:7      | Reached skill level 5 in Fighting
  5912 | D:7      | Reached XP level 9. HP: 32/61 MP: 11/17
  5932 | D:7      | Gained mutation: Your magical capacity is low (-10% MP). [mutagenic meat]
  5933 | D:7      | Gained mutation: One of your tentacles bears a spike. [mutagenic meat]
  5934 | D:7      | Gained mutation: You are somewhat resistant to further mutation. [mutagenic meat]
  5936 | D:7      | Gained mutation: You are clumsy. (Dex -2) [mutagenic meat]
  6184 | D:7      | Found a staircase to the Ecumenical Temple.
  6460 | D:7      | Gained mutation: One of your tentacles bears a nasty spike. [mutagenic meat]
  6647 | D:7      | Reached skill level 7 in Fire Magic
  6676 | D:7      | HP: 3/62 [poisoned by a water moccasin]
  6684 | D:7      | HP: 3/62 [poisoned by a water moccasin]
  7241 | D:8      | Found an iron altar of Okawaru.
  8112 | D:8      | HP: 3/63 [poisoned by a killer bee]
  8117 | D:8      | HP: 2/63 [poisoned by a killer bee]
  8124 | D:8      | HP: 2/63 [poisoned by a killer bee]
  8132 | D:8      | HP: 1/63 [poisoned by a killer bee]
  8474 | D:8      | Reached XP level 10. HP: 43/69 MP: 10/17
  8853 | D:9      | Learned a level 1 spell: Summon Butterflies
  8978 | D:9      | Noticed a six-headed hydra
  8998 | D:9      | Learned a level 5 spell: Fireball
  9292 | D:9      | Noticed OrbSeeker's ghost (experienced DEFE)
  9344 | Temple   | Entered the Ecumenical Temple
  9422 | Temple   | Became a worshipper of Vehumet
 10174 | D:10     | Entered Level 10 of the Dungeon
 10178 | D:10     | Noticed Harold
 10186 | D:10     | Noticed Josephine
 10219 | D:10     | Slain by a wraith

Action                   |  1- 3 |  4- 6 |  7- 9 | 10-12 || total
-------------------------+-------+-------+-------+-------++-------
Melee: Unarmed           |    24 |    10 |       |       ||    34
       Short sword       |       |    53 |    28 |    17 ||    98
       Hand axe          |       |       |    60 |       ||    60
       Dagger            |       |       |   155 |     4 ||   159
 Cast: Flame Tongue      |    35 |    55 |    70 |    12 ||   172
       Conjure Flame     |       |     2 |     3 |       ||     5
       Throw Flame       |       |     3 |    29 |     3 ||    35
       Sticky Flame      |       |     1 |    25 |     7 ||    33
       Inner Flame       |       |       |     5 |       ||     5
Evoke: Wand              |       |       |     2 |     1 ||     3
  Use: Scroll            |       |     3 |    11 |     3 ||    17
       Potion            |       |       |     6 |       ||     6
 Stab: Sleeping          |       |     4 |    12 |       ||    16
       Distracted        |       |     1 |       |       ||     1
  Eat: Chunk             |       |     5 |    18 |       ||    23
       Beef jerky        |       |     1 |     1 |       ||     2
       Fruit             |       |       |     3 |       ||     3
       Meat ration       |       |       |     2 |       ||     2
       Pizza             |       |       |     2 |       ||     2
       Bread ration      |       |       |       |     1 ||     1
       Royal jelly       |       |       |       |     1 ||     1
